 Dungeon Crawl Stone Soup version 0.20.1-1-g8b1a95d (webtiles) character file.

116998 manon the Severer (level 16, -2/131 HPs)
             Began as a Demonspawn Berserker on Sept 22, 2017.
             Was the Champion of Trog.
             Killed from afar by a nagaraja (10 damage)
             ... with a splash of poison
             ... on level 2 of the Snake Pit on Sept 23, 2017.
             The game lasted 03:01:54 (27766 turns).

manon the Severer (Demonspawn Berserker)           Turns: 27766, Time: 03:01:57

Health: -2/131     AC: 44    Str: 31    XL:     16   Next: 22%
Magic:  0/21       EV:  6    Int: 10    God:    Trog [******]
Gold:   1835       SH:  0    Dex: 12    Spells: 15/15 levels left

rFire    . . .     SeeInvis .   a - +9 executioner's axe (flame)
rCold    + . .     Gourm    .   (shield currently unavailable)
rNeg     . . .     Faith    .   Y - +1 plate armour {rC+}
rPois    .         Spirit   +   V - +1 helmet
rElec    .         Reflect  .   m - +2 cloak
rCorr    .         Harm     .   v - +0 pair of gloves {Str+3}
MR       +....                  (no boots)
Stlth    ..........             H - amulet of regeneration
Regen    0.8/turn               F - +4 ring of strength
MPRegen  0.4/turn               y - ring of Robustness {AC+8}

@: lethally poisoned (-2 -> -54), sanguine armour, constricted
A: hooves 1, nightstalker 2, magic shield, magic regeneration, magic link,
sanguine armour 3
a: Berserk, Trog's Hand, Brothers in Arms, Burn Spellbooks, Renounce Religion


You were on level 2 of the Snake Pit.
You worshipped Trog.
Trog was exalted by your worship.
You were not hungry.

You visited 5 branches of the dungeon, and saw 26 of its levels.
You also visited: Ossuary, Bailey and Ice Cave.

You collected 2456 gold pieces.
You spent 621 gold pieces at shops.

Inventory:

Hand Weapons
 a - a +9 executioner's axe of flaming (weapon)
 M - a +0 arbalest
 W - a +0 great mace
Missiles
 p - 477 arrows
 t - a throwing net
 u - 254 bolts
 J - 63 tomahawks of returning (quivered)
Armour
 m - a +2 cloak (worn)
 v - a +0 pair of gloves of strength (worn)
 S - a scarf of cloud immunity
 V - a +1 helmet (worn)
 Y - a +1 plate armour of cold resistance (worn)
Jewellery
 y - the ring of Robustness (right hand) {AC+8}
   (You found it on level 13 of the Dungeon)

   [ring of protection]

   It affects your AC (+8).
 F - a +4 ring of strength (left hand)
 H - an amulet of regeneration (around neck)
 N - a +6 amulet of reflection
 R - an uncursed ring of protection from cold
Wands
 i - a wand of flame (9/48)
 o - a wand of iceblast (11/15)
 s - a wand of scattershot (3/9)
 E - a wand of iceblast (5/15)
 Q - a wand of lightning (6/15)
Scrolls
 c - 4 scrolls of fear
 e - 13 scrolls of teleportation
 j - 3 scrolls of fog
 k - a scroll of brand weapon
 l - 2 scrolls of summoning
 n - a scroll of silence {unknown}
 A - 2 scrolls of magic mapping
 C - 8 scrolls of remove curse
 D - 3 scrolls of noise {unknown}
 U - 2 scrolls of enchant armour
Potions
 f - a potion of experience {unknown}
 g - a potion of invisibility
 h - 17 potions of curing
 q - 5 potions of flight
 w - 8 potions of heal wounds
 z - 4 potions of agility
 I - 2 potions of might
 K - 4 potions of haste
 L - 4 potions of ambrosia
 O - 3 potions of magic {unknown}
 P - 2 potions of cancellation {unknown}
 X - 7 potions of mutation
 Z - a potion of brilliance {unknown}
Miscellaneous
 x - a lamp of fire
 B - a sack of spiders
Comestibles
 d - 14 royal jellies
 r - 11 bread rations
 G - 7 meat rations
 T - 7 fruits


   Skills:
 + Level 13.4 Fighting
 * Level 18.3 Axes
 + Level 13.4 Armour
 - Level 1.7 Dodging
 - Level 7.0 Evocations


You had 15 spell levels left.
You didn't know any spells.

Dungeon Overview and Level Annotations

Branches:
Dungeon (15/15)            Temple (0/1) D:4            Lair (6/6) D:11
  Swamp (0/4) Lair:2        Snake (2/4) Lair:3        Slime (0/5) Lair:5
    Orc (2/2) D:12            Elf (1/3) Orc:2        Vaults (0/5) D:14
 Depths (0/5) D:15

Altars:
Dithmenos
Sif Muna
Uskayaw
Zin
Beogh

Shops:
D:5 !   D:11 }   D:14 }   D:15 (   Orc:2 ([(([   Elf:1 !*

Portals:
Trove: D:15 (give 21 scrolls of identify)

Annotations:
D:6 Eustachio
Lair:4 exclusion: oklob plant
Elf:1 Asterion


Innate Abilities, Weirdness & Mutations

You have large cloven feet.
You are significantly more attuned to the shadows.
When hurt, damage is shared between your health and your magic reserves.
You regenerate magic rapidly.
When low on magic, you restore magic in place of health.
When seriously injured, your bleeding wounds create very thick armour. (AC +12)


Message History

The nagaraja grabs you. The nagaraja constricts you.
The naga warrior hits you but does no damage.
You feel much better.
You feel very sick.
The nagaraja gestures at you while chanting.
The bolt of poison hits you!
You are lethally poisoned!
* * * LOW HITPOINT WARNING * * *
The nagaraja constricts you.
The naga warrior hits you but does no damage.
The nagaraja hits you but does no damage.
The nagaraja constricts you.
Your stone giant goes berserk!
You feel somewhat more hungry.
* * * LOW HITPOINT WARNING * * *
You feel very sick. The nagaraja spits poison at you.
The splash of poison hits you!
You are more poisoned.
You die...

#...##....## #.........
##.........##### ######........
##............###...#.##...##.
#....##.........##......#......
......###.....#.................
.......#........................
...............C................
####...........N...............
........N@................
.........................
........................
...............###....
............#### ###..
...).......## ### ........## #
........## ## ..#......##
######.


You could see a naga warrior, a nagaraja and a friendly stone giant (berserk).

Vanquished Creatures
  Jorgrun (Snake:2)
  Gastronok (D:11)
  A frost giant (IceCv)
  2 naga warriors (Snake:1)
  6 hydras
  A catoblepas (Lair:6)
  3 anacondas
  6 centaur warriors
  4 two-headed ogres
  The ghost of ThereIsNoGod the Grappler, a novice TrFi of Makhleb (D:8)
  3 dancing weapons
  4 tengu warriors
  8 death yaks
  A vampire mage (D:15)
  2 shock serpents (Snake:1)
  3 naga sharpshooters
  A deep elf knight (Elf:1)
  A fire crab (Lair:6)
  2 skeletal warriors (D:15)
  3 unseen horrors
  A spark wasp zombie (D:15)
  A necromancer (D:15)
  3 mana vipers (Snake:2)
  2 manticores (D:11)
  A wolf spider zombie (D:15)
  2 orc sorcerers
  2 cyclopes
  23 ugly things
  2 salamanders (Snake:1)
  3 centaur zombies (D:14)
  9 deep elf magi (Elf:1)
  A guardian serpent (shapeshifter) (D:14)
  2 naga magi (Snake:1)
  3 molten gargoyles (Lair:6)
  12 elephants
  12 black mambas
  7 spiny frogs
  A torpor snail (Lair:6)
  3 gargoyles
  10 komodo dragons
  3 rime drakes
  A kobold demonologist (D:12)
  2 ice devils (D:14)
  A tengu conjurer (D:14)
  4 trolls
  A queen bee (D:10)
  13 polar bears
  A fire dragon zombie (D:15)
  An ice dragon zombie (D:15)
  Grinder (D:5)
  A hornet (D:10)
  8 slime creatures
  16 blink frogs
  Prince Ribbit (D:7)
  6 hippogriffs
  A hippogriff (shapeshifter) (D:13)
  A centaur simulacrum (D:14)
  An elf skeleton (D:15)
  2 wraiths
  A water elemental (Elf:1)
  3 shadows
  8 wyverns
  A vampire (D:14)
  33 yaks
  3 steam dragons
  3 hungry ghosts
  The ghost of BGT the Shield-Bearer, an amateur FoFi (D:5)
  A basilisk (Lair:6)
  A fire elemental (Orc:2)
  Grum (D:8)
  2 wargs (Orc:2)
  11 nagas
  Duvessa (D:6)
  3 hell hounds
  9 porcupines
  10 water moccasins
  5 ice beasts
  A sky beast (shapeshifter) (D:13)
  34 orc warriors
  3 phantoms
  3 sky beasts
  A hornet zombie (D:7)
  3 black bears
  A slave (D:6)
  26 wolves
  6 necrophages
  14 ogres
  10 centaurs
  14 crocodiles
  3 big kobolds
  19 bullfrogs
  An earth elemental (Elf:1)
  Dowan (D:6)
  5 wights (D:13)
  20 killer bees
  5 howler monkeys
  3 electric eels
  3 crimson imps
  2 bullfrog zombies (D:13)
  26 orc priests
  9 jellies
  7 hounds
  31 orc wizards
  A gnoll shaman (D:7)
  6 centaur skeletons
  Terence (D:2)
  2 iguanas
  Ijyb (D:4)
  10 worker ants
  A big kobold zombie (Ossuary)
  A hound zombie (D:8)
  A hound skeleton (D:7)
  8 mummies (Ossuary)
  A howler monkey zombie (D:6)
  A worker ant zombie (D:11)
  16 adders
  A howler monkey skeleton (D:8)
  17 gnolls
  A shadow imp (D:13)
  2 oozes
  4 worms
  2 dart slugs (D:1)
  5 leopard geckos
  97 orcs
  4 giant cockroaches
  A gnoll zombie (Ossuary)
  4 goblins (D:2)
  13 hobgoblins
  13 jackals
  3 quokkas
  2 ball pythons
  7 bats
  5 frilled lizards
  3 hobgoblin zombies (Ossuary)
  A jackal skeleton (D:4)
  31 kobolds
  2 kobold zombies (Ossuary)
  An orc zombie (Ossuary)
  A quokka zombie (D:6)
  24 rats
  A fungus (Lair:6)
  A plant (Lair:4)
  A withered plant (D:15)
864 creatures vanquished.

Vanquished Creatures (collateral kills)
  An orc warlord (Orc:2)
  Azrael (Orc:2)
  Fannar (D:10)
  A hydra (Lair:6)
  A two-headed ogre (D:10)
  Nergalle (Lair:3)
  A cyclops (Orc:2)
  A spiny frog (Lair:6)
  A komodo dragon (Lair:3)
  2 hippogriffs
  2 fire elementals (Orc:2)
  3 yaks (Lair:3)
  A warg (Orc:2)
  A water moccasin (Lair:3)
  4 orc warriors
  2 hell hounds
  A bullfrog (D:11)
  A quasit (D:10)
  2 orc priests (D:11)
  9 orcs
37 creatures vanquished.

Vanquished Creatures (others)
  2 polar bears (IceCv)
  3 yaks (IceCv)
  2 centaurs
  4 wolves (IceCv)
  19 fungi
  14 plants
44 creatures vanquished.

Grand Total: 945 creatures vanquished

Notes
Turn   | Place    | Note
-------+----------+-------------------------------------------
     0 | D:1      | manon the Demonspawn Berserker began the quest for the Orb.
     0 | D:1      | Reached XP level 1. HP: 18/18 MP: 1/1
    27 | D:1      | Reached skill level 3 in Axes
   103 | D:1      | Gained mutation: When hurt, damage is shared between your health and your magic reserves. [demonic ancestry]
   103 | D:1      | Reached XP level 2. HP: 13/24 MP: 2/2
   730 | D:1      | Reached ** piety under Trog
   730 | D:1      | Gained mutation: You regenerate magic rapidly. [demonic ancestry]
   730 | D:1      | Reached XP level 3. HP: 24/29 MP: 1/3
  1576 | D:2      | Reached skill level 4 in Axes
  1576 | D:2      | Reached XP level 4. HP: 26/35 MP: 4/4
  2070 | D:2      | Noticed Terence
  2074 | D:2      | Killed Terence
  2564 | D:3      | Reached XP level 5. HP: 38/41 MP: 5/5
  3048 | D:4      | Noticed an ogre
  3054 | D:4      | Killed an ogre
  3054 | D:4      | Reached skill level 5 in Axes
  3251 | D:4      | Noticed an ogre
  3255 | D:4      | Gained mutation: You are slightly more attuned to the shadows. [demonic ancestry]
  3255 | D:4      | Reached XP level 6. HP: 47/47 MP: 6/6
  3257 | D:4      | Reached *** piety under Trog
  3345 | D:4      | Noticed Ijyb
  3369 | D:4      | Killed Ijyb
  3496 | D:4      | Reached skill level 6 in Axes
  3723 | D:4      | Found a staircase to the Ecumenical Temple.
  4032 | D:4      | Reached skill level 1 in Evocations
  4032 | D:4      | Gained mutation: When seriously injured, your bleeding wounds create armour. (AC +12) [demonic ancestry]
  4032 | D:4      | Reached XP level 7. HP: 39/52 MP: 5/7
  4215 | D:5      | Entered Level 5 of the Dungeon
  4259 | D:5      | Noticed BGT's ghost (amateur FoFi)
  4344 | D:5      | Killed BGT's ghost
  4384 | D:5      | Found Sitsuv's Distillery.
  4394 | D:5      | Bought a potion of curing for 36 gold pieces
  4394 | D:5      | Bought a potion of might for 48 gold pieces
  4457 | D:5      | Found a deep blue altar of Sif Muna.
  4577 | D:5      | Noticed Grinder
  4603 | D:5      | Killed Grinder
  4603 | D:5      | Reached skill level 7 in Axes
  4603 | D:5      | Gained mutation: When seriously injured, your bleeding wounds create thick armour. (AC +12) [demonic ancestry]
  4603 | D:5      | Reached XP level 8. HP: 13/58 MP: 3/9
  5004 | D:5      | Bought a potion of haste for 120 gold pieces
  5106 | D:6      | Found a sand-covered staircase.
  5110 | Ossuary  | Entered an ossuary
  5132 | Ossuary  | Reached skill level 5 in Armour
  5285 | Ossuary  | Reached **** piety under Trog
  5509 | D:6      | Noticed Dowan
  5512 | D:6      | Noticed Duvessa
  5535 | D:6      | Killed Duvessa
  5535 | D:6      | Reached skill level 8 in Axes
  5550 | D:6      | Killed Dowan
  5703 | D:6      | Noticed Eustachio
  5963 | D:7      | Gained mutation: You have large cloven feet. [demonic ancestry]
  5963 | D:7      | Reached XP level 9. HP: 55/63 MP: 10/12
  6049 | D:7      | Got an ancient spear
  6566 | D:7      | Identified the +3 spear of War {pain, Int+7} (You found it on level 7 of the Dungeon)
  6647 | D:7      | Noticed Prince Ribbit
  6661 | D:7      | Killed Prince Ribbit
  6661 | D:7      | Reached skill level 9 in Axes
  6704 | D:7      | Reached skill level 5 in Evocations
  6774 | D:7      | Reached ***** piety under Trog
  7183 | D:8      | Noticed a two-headed ogre
  7194 | D:8      | Killed a two-headed ogre
  7386 | D:8      | Noticed Grum
  7394 | D:8      | Reached skill level 10 in Axes
  7408 | D:8      | Killed Grum
  7408 | D:8      | Gained mutation: You are significantly more attuned to the shadows. [demonic ancestry]
  7408 | D:8      | Reached XP level 10. HP: 33/72 MP: 11/14
  7679 | D:8      | Noticed a two-headed ogre
  7690 | D:8      | Killed a two-headed ogre
  7733 | D:8      | Noticed ThereIsNoGod's ghost (novice TrFi)
  7853 | D:8      | Killed ThereIsNoGod's ghost
  8041 | D:8      | Reached skill level 5 in Fighting
  8678 | D:9      | Reached skill level 11 in Axes
  9289 | D:9      | Received a gift from Trog
  9539 | D:10     | Entered Level 10 of the Dungeon
  9562 | D:10     | Reached XP level 11. HP: 62/81 MP: 5/16
  9938 | D:10     | Paralysed by a hornet for 3 turns
 10333 | D:10     | Noticed Fannar
 10340 | D:10     | Noticed a two-headed ogre
 10341 | D:10     | Killed Fannar
 10342 | D:10     | Killed a two-headed ogre
 10874 | D:10     | Reached skill level 12 in Axes
 11011 | D:11     | Killed an unseen horror
 11194 | D:11     | Found a staircase to the Lair.
 11313 | D:11     | Found Fiheocw's Gadget Shop.
 11314 | D:11     | Noticed Gastronok
 11333 | D:11     | Killed Gastronok
 11930 | D:11     | Gained mutation: When seriously injured, your bleeding wounds create very thick armour. (AC +12) [demonic ancestry]
 11930 | D:11     | Reached XP level 12. HP: 92/92 MP: 5/17
 12029 | D:11     | Found a roughly hewn altar of Beogh.
 12245 | Lair:1   | Entered Level 1 of the Lair of Beasts
 12250 | Lair:1   | Reached skill level 13 in Axes
 12362 | Lair:1   | Received a gift from Trog
 13059 | Lair:2   | Found a staircase to the Swamp.
 13583 | Lair:3   | Noticed Nergalle
 13595 | Lair:3   | Killed Nergalle
 13828 | Lair:3   | Reached skill level 10 in Armour
 13834 | Lair:3   | Found a staircase to the Snake Pit.
 14553 | Lair:4   | Reached skill level 14 in Axes
 14898 | Lair:4   | Reached XP level 13. HP: 79/101 MP: 6/18
 15276 | Lair:4   | Received a gift from Trog
 15329 | Lair:4   | Found a glowing silver altar of Zin.
 16370 | Lair:5   | Reached skill level 10 in Fighting
 16757 | Lair:5   | Found a staircase to the Slime Pits.
 16790 | Lair:5   | Reached skill level 15 in Axes
 16910 | Lair:6   | Entered Level 6 of the Lair of Beasts
 17483 | Lair:6   | HP: 3/105 [fire crab (13)]
 17560 | Lair:6   | Reached XP level 14. HP: 53/111 MP: 6/19
 17817 | Lair:6   | Received a gift from Trog
 18632 | Lair:6   | Received a gift from Trog
 19196 | D:12     | Found a staircase to the Orcish Mines.
 19559 | D:12     | Reached skill level 16 in Axes
 19617 | D:12     | Found a hide-covered altar of Uskayaw.
 19802 | Orc:1    | Entered Level 1 of the Orcish Mines
 20006 | Orc:2    | Entered Level 2 of the Orcish Mines
 20021 | Orc:2    | Noticed Azrael
 20030 | Orc:2    | Killed Azrael
 20061 | Orc:2    | Received a gift from Trog
 20851 | Orc:2    | Found a roughly hewn altar of Beogh.
 20957 | Orc:2    | Found a staircase to the Elven Halls.
 20972 | Orc:2    | Found a roughly hewn altar of Beogh.
 20986 | Orc:2    | Found Siasa's Antique Weapon Emporium.
 21040 | Orc:2    | Received a gift from Trog
 21045 | Orc:2    | Found a roughly hewn altar of Beogh.
 21313 | Orc:2    | Found a roughly hewn altar of Beogh.
 21329 | Orc:2    | Found Eco Leth's Armour Shoppe.
 21401 | Orc:2    | Found Fiyruck's Antique Weapon Emporium.
 21501 | Orc:2    | Noticed an orc warlord
 21510 | Orc:2    | Killed an orc warlord
 21535 | Orc:2    | Found Obugruq's Antique Weapon Emporium.
 21535 | Orc:2    | Found Xabiurphadu's Antique Armour Shoppe.
 21536 | Orc:2    | Found a roughly hewn altar of Beogh.
 21798 | D:13     | Found a flagged portal.
 21888 | Bailey   | Entered a bailey
 22792 | D:14     | Found a gate to the Vaults.
 22831 | D:14     | Found Qasuxt's Gadget Emporium.
 22916 | D:14     | Received a gift from Trog
 22979 | D:14     | Found a frozen archway.
 23058 | IceCv    | Entered an ice cave
 23293 | IceCv    | Reached XP level 15. HP: 104/120 MP: 5/20
 23296 | IceCv    | Reached ****** piety under Trog
 23770 | IceCv    | Reached skill level 17 in Axes
 24015 | IceCv    | Noticed a frost giant
 24022 | IceCv    | Killed a frost giant
 24037 | IceCv    | Identified Ger Daw's Handbook of Assistive Translocation
 24169 | D:14     | Found a shadowy altar of Dithmenos.
 24553 | D:15     | Entered Level 15 of the Dungeon
 24763 | D:15     | Got an ichor-stained mace
 24913 | D:15     | Found Horiamni's Antique Weapon Shoppe.
 24927 | D:15     | Received a gift from Trog
 25351 | D:15     | Found a staircase to the Depths.
 25596 | D:15     | Found a portal to a secret trove of treasure.
 25718 | Elf:1    | Entered Level 1 of the Elven Halls
 25831 | Elf:1    | Found Qobriq's Assorted Antiques.
 25846 | Elf:1    | Bought a dented ruby amulet for 165 gold pieces
 25985 | Elf:1    | Found Maho Peo's Distillery.
 25998 | Elf:1    | Bought a potion of mutation for 112 gold pieces
 25998 | Elf:1    | Bought a potion of heal wounds for 70 gold pieces
 25998 | Elf:1    | Bought a potion of heal wounds for 70 gold pieces
 26047 | Elf:1    | Identified the +8 mace "Zimur" {pain, rC+ Int+4} (You found it on level 15 of the Dungeon)
 26159 | Elf:1    | Noticed Asterion
 26294 | Snake:1  | Entered Level 1 of the Snake Pit
 26645 | Snake:1  | Reached skill level 18 in Axes
 27056 | Snake:1  | Gained mutation: When low on magic, you restore magic in place of health. [demonic ancestry]
 27056 | Snake:1  | Reached XP level 16. HP: 101/130 MP: 7/21
 27391 | Snake:1  | Received a gift from Trog
 27520 | Snake:2  | Noticed Jorgrun
 27528 | Snake:2  | Killed Jorgrun
 27766 | Snake:2  | Killed from afar by a nagaraja

Skill      XL: |  1  2  3  4  5  6  7  8  9 10 11 12 13 14 15 |
---------------+----------------------------------------------+-----
Axes           | 3 4 5 6 7 8 10 11 12 14 15 16 18 | 18.3
Armour         | 2 3 4 5 6 7 9 10 11 12 13 | 13.4
Evocations     | 1 2 4 5 7 |  7.0
Fighting       | 4 5 7 9 10 12 13 | 13.4
Dodging        | |  1.7

Action                   |  1- 3 |  4- 6 |  7- 9 | 10-12 | 13-15 | 16-18 || total
-------------------------+-------+-------+-------+-------+-------+-------++-------
Melee: Hand axe          |   136 |   245 |   391 |       |       |       ||   772
       War axe           |       |       |    91 |   113 |       |       ||   204
       Kick              |       |       |    43 |   234 |   484 |    23 ||   784
       Battleaxe         |       |       |       |   536 |    17 |       ||   553
       Great mace        |       |       |       |     6 |    25 |       ||    31
       Executioner's axe |       |       |       |       |  1219 |    68 ||  1287
Throw: Tomahawk          |       |       |       |     5 |    56 |     2 ||    63
Invok: Berserk           |       |     2 |     7 |     7 |     4 |       ||    20
       Trog's Hand       |       |       |     1 |     3 |     1 |     1 ||     6
       Burn Spellbooks   |       |       |       |     3 |     7 |       ||    10
       Brothers in Arms  |       |       |       |     3 |     3 |     1 ||     7
Evoke: Wand              |       |       |     3 |     1 |     5 |       ||     9
  Use: Scroll            |       |     1 |     8 |     8 |    17 |     3 ||    37
       Potion            |       |       |       |     1 |     5 |     2 ||     8
 Stab: Invisible         |       |       |       |       |       |     5 ||     5
  Eat: Chunk             |     2 |     9 |    16 |    31 |    35 |       ||    93
       Royal jelly       |       |       |     2 |     2 |     2 |       ||     6
       Fruit             |       |       |       |     1 |    14 |       ||    15
Armor: Animal skin       |     3 |       |       |       |       |       ||     3
       Ring mail         |    23 |    11 |       |       |       |       ||    34
       Leather armour    |     5 |       |       |       |       |       ||     5
       Chain mail        |       |    98 |   213 |   287 |       |       ||   598
       Plate armour      |       |       |       |   117 |   925 |    64 ||  1106
Dodge: Dodged            |    91 |   114 |   170 |   296 |   479 |    40 ||  1190
Block: Other             |       |       |    69 |   196 |   352 |       ||   617
       Reflection        |       |       |     1 |     8 |    19 |       ||    28
